| TOP OF THE 1ST |
|
University of Virginia Cavaliers batting - Pitching for California State University at Fullerton Titans : RHP John Woods
|
|
Pitching: RHP John Woods
|
|
|
Batting: SHB Ethan Lewis
|
0-0: Ball 1-0: Foul Ball, location: 2F 1-1: Ball 2-1: Foul Ball, location: 2F 2-2: Fly out, F6 (Popup, 6, EV 58.1 MPH)
|
|
Batting: RHB Jason Thresher
|
0-0: Ball 1-0: Ball 2-0: Ball 3-0: Called Strike 3-1: Foul Ball, location: 2F 3-2: Foul Ball, location: 2F 3-2: Foul Ball, location: 2F 3-2: Strikes out swinging
|
|
Batting: LHB Ray Nichter
|
0-0: Ball 1-0: Called Strike 1-1: Ball 2-1: Called Strike 2-2: Strikes out swinging
|
| Top of the 1st over - 0 runs, 0 hits, 0 errors, 0 left on base; University of Virginia 0 - California State University at Fullerton 0 |
| BOTTOM OF THE 1ST |
|
California State University at Fullerton Titans batting - Pitching for University of Virginia Cavaliers : RHP Roland Kindschy
|
|
Pitching: RHP Roland Kindschy
|
|
|
Batting: LHB Steve Lane
|
0-0: Called Strike 0-1: Ball 1-1: Called Strike 1-2: Ball 2-2: Strikes out swinging
|
|
Batting: RHB Alex Rivas
|
0-0: Ball 1-0: Foul Ball, location: 2F 1-1: Ball 2-1: Fly out, F7 (Flyball, 78M, EV 92.5 MPH)
|
|
Batting: RHB Justin Thomas
|
0-0: Ball 1-0: Ball 2-0: Called Strike 2-1: Ball 3-1: Base on Balls
|
|
Batting: LHB B.J. Ferguson
|
0-0: Swinging Strike 0-1: Foul Ball, location: 2F 0-2: Strikes out swinging
|
| Bottom of the 1st over - 0 runs, 0 hits, 0 errors, 1 left on base; University of Virginia 0 - California State University at Fullerton 0 |
| TOP OF THE 2ND |
|
University of Virginia Cavaliers batting - Pitching for California State University at Fullerton Titans : RHP John Woods
|
|
Batting: RHB Rob Coble
|
0-0: Foul Ball, location: 2F 0-1: Swinging Strike 0-2: Ball 1-2: Ball 2-2: Foul Ball, location: 2F 2-2: Ground out 6-3 (Groundball, 6, EV 80.6 MPH)
|
|
Batting: RHB Allen McCaskill
|
0-0: Swinging Strike 0-1: Foul Ball, location: 2F 0-2: Strikes out swinging
|
|
Batting: RHB Jeremy Weber
|
0-0: Called Strike 0-1: Called Strike 0-2: Ball 1-2: Ball 2-2: Ball 3-2: DOUBLE (Flyball, 8LXD, EV 102.5 MPH)
|
|
Batting: RHB Billy Wells
|
0-0: Ball 1-0: Fly out, F9 (Flyball, 89S, EV 95.6 MPH)
|
| Top of the 2nd over - 0 runs, 1 hit, 0 errors, 1 left on base; University of Virginia 0 - California State University at Fullerton 0 |
| BOTTOM OF THE 2ND |
|
California State University at Fullerton Titans batting - Pitching for University of Virginia Cavaliers : RHP Roland Kindschy
|
|
Batting: SHB John Loechel
|
0-0: Called Strike 0-1: Foul Ball, location: 2F 0-2: Strikes out looking
|
|
Batting: LHB Kris Zimbalist
|
0-0: Ball 1-0: Ball 2-0: Called Strike 2-1: Ball 3-1: Called Strike 3-2: Foul Ball, location: 2F 3-2: Foul Ball, location: 2F 3-2: Ground out 4-3 (Groundball, 13, EV 91.9 MPH)
|
|
Batting: RHB Nick Pothier
|
0-0: Ball 1-0: Called Strike 1-1: SINGLE (Groundball, 6MD, EV 105.6 MPH)
|
|
Batting: RHB Jeremy Evans
|
0-0: Ball 1-0: Swinging Strike 1-1: Fly out, F7 (Line Drive, 7, EV 85.0 MPH)
|
| Bottom of the 2nd over - 0 runs, 1 hit, 0 errors, 1 left on base; University of Virginia 0 - California State University at Fullerton 0 |
| TOP OF THE 3RD |
|
University of Virginia Cavaliers batting - Pitching for California State University at Fullerton Titans : RHP John Woods
|
|
Batting: RHB Dustin Medford
|
0-0: Swinging Strike 0-1: Swinging Strike 0-2: Ball 1-2: Strikes out looking
|
|
Batting: RHB Callum Sutherland
|
0-0: Called Strike 0-1: Fly out, F3 (Popup, 3F, EV 73.1 MPH)
|
|
Batting: SHB Ethan Lewis
|
0-0: Called Strike 0-1: Ball 1-1: Foul Ball, location: 2F 1-2: Foul Ball, location: 2F 1-2: Strikes out swinging, 2-3 out at first.
|
| Top of the 3rd over - 0 runs, 0 hits, 0 errors, 0 left on base; University of Virginia 0 - California State University at Fullerton 0 |
| BOTTOM OF THE 3RD |
|
California State University at Fullerton Titans batting - Pitching for University of Virginia Cavaliers : RHP Roland Kindschy
|
|
Batting: RHB Felipe Lara
|
0-0: Called Strike 0-1: Ball 1-1: Ball 2-1: Swinging Strike 2-2: Strikes out swinging
|
|
Batting: LHB Steve Lane
|
0-0: Called Strike 0-1: Swinging Strike 0-2: Ball 1-2: Fly out, F7 (Flyball, 7, EV 87.5 MPH)
|
|
Pitching: RHP Tofik Javakhov
|
|
|
Batting: RHB Alex Rivas
|
0-0: Ball 1-0: Called Strike 1-1: Foul Ball, location: 2F 1-2: Foul Ball, location: 2F 1-2: Ball 2-2: Foul Ball, location: 2F 2-2: Strikes out swinging
|
| Bottom of the 3rd over - 0 runs, 0 hits, 0 errors, 0 left on base; University of Virginia 0 - California State University at Fullerton 0 |
| TOP OF THE 4TH |
|
University of Virginia Cavaliers batting - Pitching for California State University at Fullerton Titans : RHP John Woods
|
|
Batting: RHB Jason Thresher
|
0-0: Called Strike 0-1: Foul Ball, location: 2F 0-2: Foul Ball, location: 2F 0-2: Strikes out looking
|
|
Batting: LHB Ray Nichter
|
0-0: Called Strike 0-1: Ball 1-1: Foul Ball, location: 2F 1-2: Ground out 5-3 (Groundball, 5, EV 96.2 MPH)
|
|
Batting: RHB Rob Coble
|
0-0: Foul Ball, location: 2F 0-1: Ball 1-1: SINGLE (Groundball, 6, EV 94.4 MPH)
|
|
Batting: RHB Allen McCaskill
|
0-0: Called Strike 0-1: Swinging Strike 0-2: Foul Ball, location: 2F 0-2: Ball 1-2: Ball 2-2: Strikes out swinging
|
| Top of the 4th over - 0 runs, 1 hit, 0 errors, 1 left on base; University of Virginia 0 - California State University at Fullerton 0 |
| BOTTOM OF THE 4TH |
|
California State University at Fullerton Titans batting - Pitching for University of Virginia Cavaliers : RHP Tofik Javakhov
|
|
Batting: RHB Justin Thomas
|
0-0: SINGLE (Groundball, 34D, EV 99.4 MPH)
|
|
Batting: LHB B.J. Ferguson
|
0-0: Ball 1-0: Called Strike 1-1: Swinging Strike 1-2: Ball 2-2: 2-RUN HOME RUN (Flyball, 9D, EV 97.5 MPH), Distance : 364 ft
|
|
Batting: SHB John Loechel
|
0-0: Ground out U3 (Groundball, 34, EV 98.1 MPH)
|
|
Batting: LHB Kris Zimbalist
|
0-0: Ball 1-0: Foul Ball, location: 2F 1-1: Foul Ball, location: 2F 1-2: Strikes out swinging
|
|
Batting: RHB Nick Pothier
|
0-0: Ball 1-0: Ball 2-0: Foul Ball, location: 2F 2-1: Ball 3-1: Fly out, F9 (Flyball, 9S, EV 76.2 MPH)
|
| Bottom of the 4th over - 2 runs, 2 hits, 0 errors, 0 left on base; University of Virginia 0 - California State University at Fullerton 2 |
| TOP OF THE 5TH |
|
University of Virginia Cavaliers batting - Pitching for California State University at Fullerton Titans : RHP John Woods
|
|
Batting: RHB Jeremy Weber
|
0-0: Ball 1-0: Called Strike 1-1: Swinging Strike 1-2: Foul Ball, location: 2F 1-2: Strikes out swinging
|
|
Batting: RHB Billy Wells
|
0-0: Ball 1-0: Ball 2-0: Called Strike 2-1: Foul Ball, location: 2F 2-2: Strikes out swinging
|
|
Batting: RHB Dustin Medford
|
0-0: Ball 1-0: Ball 2-0: Called Strike 2-1: Swinging Strike 2-2: Ball 3-2: Foul Ball, location: 2F 3-2: SINGLE (Groundball, 56D, EV 103.8 MPH)
|
|
Pitching: RHP Patrick Wilcox
|
|
|
Batting: RHB Callum Sutherland
|
0-0: Ball 1-0: Ball 2-0: Ground out 1-3 (Groundball, P, EV 62.5 MPH)
|
| Top of the 5th over - 0 runs, 1 hit, 0 errors, 1 left on base; University of Virginia 0 - California State University at Fullerton 2 |
| BOTTOM OF THE 5TH |
|
California State University at Fullerton Titans batting - Pitching for University of Virginia Cavaliers : RHP Tofik Javakhov
|
|
Now in LF: Eddie Vidalez
|
|
|
Now in RF: Juan Castillo
|
|
|
Batting: RHB Jeremy Evans
|
0-0: Ball 1-0: Swinging Strike 1-1: Swinging Strike 1-2: Ball 2-2: Foul Ball, location: 2F 2-2: DOUBLE (Flyball, 8RXD, EV 113.1 MPH)
|
|
Batting: RHB Felipe Lara
|
0-0: Ball 1-0: Ball 2-0: Called Strike 2-1: SINGLE (Groundball, 6S, EV 68.1 MPH) (infield hit) Jeremy Evans to third
|
|
Pinch Hitting: RHB Joe McKinzie
|
0-0: Ball 1-0: Ball 2-0: Called Strike 2-1: Foul Ball, location: 2F 2-2: Strikes out swinging
|
|
Batting: RHB Alex Rivas
|
0-0: Ball 1-0: Called Strike 1-1: Ball 2-1: Foul Ball, location: 2F 2-2: Ball 3-2: Base on Balls Felipe Lara to second
|
|
Batting: LHB Mike Lauritsen
|
0-0: Ball 1-0: Called Strike 1-1: Ball 2-1: Foul Ball, location: 2F 2-2: Strikes out looking
|
|
Batting: LHB B.J. Ferguson
|
0-0: Called Strike 0-1: Fly out, F6 (Popup, 6MS, EV 64.4 MPH)
|
| Bottom of the 5th over - 0 runs, 2 hits, 0 errors, 3 left on base; University of Virginia 0 - California State University at Fullerton 2 |
| TOP OF THE 6TH |
|
University of Virginia Cavaliers batting - Pitching for California State University at Fullerton Titans : RHP Patrick Wilcox
|
|
Now in RF: Alex Freyre
|
|
|
Batting: SHB Ethan Lewis
|
0-0: Foul Ball, location: 2F 0-1: Fly out, F9 (Flyball, 9S, EV 95.0 MPH)
|
|
Pinch Hitting: RHB Maurice McDonald
|
0-0: Ball 1-0: Called Strike 1-1: Ball 2-1: Ball 3-1: Swinging Strike 3-2: Strikes out swinging, 2-3 out at first.
|
|
Batting: LHB Ray Nichter
|
0-0: Ball 1-0: Ball 2-0: Called Strike 2-1: Foul Ball, location: 2F 2-2: Foul Ball, location: 2F 2-2: Foul Ball, location: 2F 2-2: Ground out 5-3 (Groundball, 56D, EV 85.0 MPH)
|
| Top of the 6th over - 0 runs, 0 hits, 0 errors, 0 left on base; University of Virginia 0 - California State University at Fullerton 2 |
| BOTTOM OF THE 6TH |
|
California State University at Fullerton Titans batting - Pitching for University of Virginia Cavaliers : RHP Tofik Javakhov
|
|
Pitching: RHP Andy Cruz
|
|
|
Now at C: Sean Carswell
|
|
|
Now at 2B: Maurice McDonald
|
|
|
Batting: SHB John Loechel
|
0-0: Called Strike 0-1: DOUBLE (Groundball, 3L, EV 102.5 MPH)
|
|
Batting: LHB Kris Zimbalist
|
0-0: Ball 1-0: Foul Ball, location: 2F 1-1: Ground out 4-3 (Groundball, 4S, EV 84.4 MPH) John Loechel to third
|
|
Batting: RHB Nick Pothier
|
0-0: TRIPLE (Flyball, 5D, EV 93.8 MPH) John Loechel scores
|
|
Batting: RHB Jeremy Evans
|
0-0: Ball 1-0: Ball 2-0: Called Strike 2-1: Foul Ball, location: 2F 2-2: Ball 3-2: Strikes out swinging
|
|
Pinch Hitting: LHB John Blumberg
|
0-0: Ball 1-0: Called Strike 1-1: Swinging Strike 1-2: Ball 2-2: Ball 3-2: Foul Ball, location: 2F 3-2: Base on Balls
|
|
Batting: RHB Alex Freyre
|
0-0: Ball 1-0: Called Strike 1-1: Foul Ball, location: 2F 1-2: Ground out 6-3 (Groundball, 6S, EV 90.6 MPH)
|
| Bottom of the 6th over - 1 run, 2 hits, 0 errors, 2 left on base; University of Virginia 0 - California State University at Fullerton 3 |
| TOP OF THE 7TH |
|
University of Virginia Cavaliers batting - Pitching for California State University at Fullerton Titans : RHP Patrick Wilcox
|
|
Now at C: Jim Cahan
|
|
|
Now at 1B: Sean Jacobs
|
|
|
Batting: LHB Eddie Vidalez
|
0-0: Ball 1-0: Ball 2-0: Foul Ball, location: 2F 2-1: Ball 3-1: Called Strike 3-2: Strikes out swinging
|
|
Batting: RHB Allen McCaskill
|
0-0: Called Strike 0-1: Called Strike 0-2: Ball 1-2: Strikes out swinging
|
|
Pinch Hitting: RHB Steve Heard
|
0-0: Ball 1-0: Called Strike 1-1: Called Strike 1-2: Ball 2-2: Ball 3-2: Foul Ball, location: 2F 3-2: Base on Balls
|
|
Batting: RHB Billy Wells
|
0-0: Called Strike 0-1: Called Strike 0-2: Ball 1-2: Strikes out swinging
|
| Top of the 7th over - 0 runs, 0 hits, 0 errors, 1 left on base; University of Virginia 0 - California State University at Fullerton 3 |
| BOTTOM OF THE 7TH |
|
California State University at Fullerton Titans batting - Pitching for University of Virginia Cavaliers : RHP Andy Cruz
|
|
Pitching: LHP Bill Cenci
|
|
|
Now at 1B: Steve Heard
|
|
|
Batting: RHB Alex Rivas
|
0-0: Ball 1-0: Ball 2-0: Ground out 5-3 (Groundball, 56S, EV 88.8 MPH)
|
|
Batting: LHB Mike Lauritsen
|
0-0: Called Strike 0-1: Foul Ball, location: 2F 0-2: Ball 1-2: Ball 2-2: Foul Ball, location: 2F 2-2: Ball 3-2: Ground out 4-3 (Groundball, 4, EV 104.4 MPH)
|
|
Batting: LHB B.J. Ferguson
|
0-0: Called Strike 0-1: Ball 1-1: Fly out, F9 (Flyball, 89M, EV 95.0 MPH)
|
| Bottom of the 7th over - 0 runs, 0 hits, 0 errors, 0 left on base; University of Virginia 0 - California State University at Fullerton 3 |
| TOP OF THE 8TH |
|
University of Virginia Cavaliers batting - Pitching for California State University at Fullerton Titans : RHP Patrick Wilcox
|
|
Pitching: RHP Jorge Garza
|
|
|
Batting: RHB Sean Carswell
|
0-0: Fly out, F4 (Popup, 34, EV 73.1 MPH)
|
|
Batting: LHB Juan Castillo
|
0-0: Called Strike 0-1: Ball 1-1: Called Strike 1-2: Foul Ball, location: 2F 1-2: Ball 2-2: Ball 3-2: Reached on error, E4 (Groundball, 4, EV 99.4 MPH)
|
|
Batting: SHB Ethan Lewis
|
0-0: Ball 1-0: Ball 2-0: Foul Ball, location: 2F 2-1: Called Strike 2-2: Foul Ball, location: 2F 2-2: Strikes out looking
|
|
Batting: RHB Maurice McDonald
|
0-0: Ball 1-0: Ball 2-0: Foul Ball, location: 2F 2-1: Foul Ball, location: 2F 2-2: Strikes out swinging
|
| Top of the 8th over - 0 runs, 0 hits, 1 error, 1 left on base; University of Virginia 0 - California State University at Fullerton 3 |
| BOTTOM OF THE 8TH |
|
California State University at Fullerton Titans batting - Pitching for University of Virginia Cavaliers : LHP Bill Cenci
|
|
Pitching: RHP Jason Odle
|
|
|
Batting: LHB Sean Jacobs
|
0-0: Called Strike 0-1: Foul Ball, location: 2F 0-2: Strikes out swinging
|
|
Batting: LHB Kris Zimbalist
|
0-0: Called Strike 0-1: Fly out, F2 (Popup, 15S, EV 86.2 MPH)
|
|
Batting: RHB Nick Pothier
|
0-0: Called Strike 0-1: Fly out, F8 (Flyball, 78M, EV 89.4 MPH)
|
| Bottom of the 8th over - 0 runs, 0 hits, 0 errors, 0 left on base; University of Virginia 0 - California State University at Fullerton 3 |
| TOP OF THE 9TH |
|
University of Virginia Cavaliers batting - Pitching for California State University at Fullerton Titans : RHP Jorge Garza
|
|
Pitching: RHP Jaime Zapata
|
|
|
Batting: LHB Ray Nichter
|
0-0: Ball 1-0: Foul Ball, location: 2F 1-1: Called Strike 1-2: Ball 2-2: Strikes out looking
|
|
Batting: LHB Eddie Vidalez
|
0-0: Ball 1-0: Ball 2-0: Ball 3-0: Base on Balls
|
|
Batting: RHB Allen McCaskill
|
0-0: Foul Ball, location: 2F 0-1: Ball 1-1: Ball 2-1: Fly out, F5 (Popup, 56, EV 55.0 MPH)
|
|
Batting: RHB Steve Heard
|
0-0: Called Strike 0-1: Foul Ball, location: 2F 0-2: Strikes out swinging
|
| Top of the 9th over - 0 runs, 0 hits, 0 errors, 1 left on base; University of Virginia 0 - California State University at Fullerton 3 |
|